 Dungeon Crawl Stone Soup version 0.21.1-1-g345015f (webtiles) character file.

217 wilfster70 the Sneak (level 5, 0/38 HPs)
             Began as a Gnoll Enchanter on Mar 1, 2018.
             Slain by a centaur (8 damage)
             ... on level 3 of the Dungeon.
             The game lasted 00:09:53 (3740 turns).

wilfster70 the Sneak (Gnoll Enchanter)              Turns: 3740, Time: 00:09:54

Health: 0/38       AC:  2    Str: 10    XL:     5   Next: 94%
Magic:  6/12       EV: 15    Int: 19    God:
Gold:   131        SH:  0    Dex: 15    Spells: 8/14 levels left

rFire    . . .     SeeInvis .   a - +1 dagger
rCold    . . .     Gourm    .   (no shield)
rNeg     . . .     Faith    .   b - +0 robe
rPois    .         Spirit   .   (no helmet)
rElec    .         Reflect  .   (no cloak)
rCorr    .         Harm     .   (no gloves)
MR       .....                  (no boots)
Stlth    +++.......             (no amulet)
HPRegen  0.12/turn              (no ring)
MPRegen  0.13/turn              (no ring)

@: no status effects
A: distributed training, fangs 1, strong nose
a: no special abilities


You were on level 3 of the Dungeon.
You were not hungry.

You visited 1 branch of the dungeon, and saw 3 of its levels.

You collected 131 gold pieces.

Inventory:

Hand Weapons
 a - a +1 dagger (weapon)
Missiles
 e - 110 stones (quivered)
Armour
 b - a +0 robe (worn)
 f - a +0 shield
Jewellery
 j - a cursed ring of teleportation {unknown}
Scrolls
 g - 2 scrolls of enchant weapon {unknown}
 h - a scroll of enchant armour {unknown}
 i - 2 scrolls of immolation {unknown}
 m - 2 scrolls of fog {unknown}
 n - a scroll of magic mapping {unknown}
 o - a scroll of fear {unknown}
 q - 2 scrolls of identify {unknown}
 r - a scroll of blinking {unknown}
 t - a scroll of remove curse {unknown}
Potions
 k - 2 potions of agility {unknown}
 l - a potion of curing {unknown}
 p - a potion of berserk rage {unknown}
 s - a potion of lignification {unknown}
 v - a potion of might {unknown}
Books
 c - a book of Maledictions

   Spells                             Type                      Level
   a - Corona                         Hexes                        1
   b - Ensorcelled Hibernation        Hexes/Ice                    2
   c - Confuse                        Hexes                        3
   d - Tukima's Dance                 Hexes                        3
   e - Dazzling Spray                 Conjuration/Hexes            3
Comestibles
 d - 2 rations


   Skills:
 + Level 1.6 Fighting
 + Level 3.1 Short Blades
 + Level 1.6 Long Blades
 + Level 1.6 Axes
 + Level 1.6 Maces & Flails
 + Level 1.6 Polearms
 + Level 1.6 Staves
 + Level 1.6 Slings
 + Level 1.6 Bows
 + Level 1.6 Crossbows
 + Level 1.6 Throwing
 + Level 1.6 Armour
 + Level 4.8 Dodging
 + Level 6.2 Stealth
 + Level 1.6 Shields
 + Level 1.6 Unarmed Combat
 + Level 5.2 Spellcasting
 + Level 1.3 Conjurations
 + Level 5.6 Hexes
 + Level 1.3 Charms
 + Level 1.3 Summonings
 + Level 1.3 Necromancy
 + Level 1.3 Translocations
 + Level 1.3 Transmutations
 + Level 1.3 Fire Magic
 + Level 1.3 Ice Magic
 + Level 1.3 Air Magic
 + Level 1.3 Earth Magic
 + Level 1.3 Poison Magic
 + Level 1.9 Invocations
 + Level 1.6 Evocations


You had 8 spell levels left.
You knew the following spells:

 Your Spells              Type           Power        Failure   Level  Hunger
a - Corona                Hex            ####...      1%          1    None
b - Ensorcelled Hibernat  Hex/Ice        ###...       4%          2    None
c - Confuse               Hex            ####....     3%          3    ##.....


Dungeon Overview and Level Annotations

Branches:
Dungeon (3/15)

Altars:

Annotations:
D:3 wilfster70's ghost, amateur GnEn


Innate Abilities, Weirdness & Mutations

Your experience applies equally to all skills.
You have very sharp teeth.
Your uncanny sense of smell can sniff out nearby items.


Message History

Deactivating autopickup; reactivate with Ctrl-A.
You hear a twanging sound.
An arrow appears from out of thin air!
The arrow hits you. Something barely misses you.
Casting: Ensorcelled Hibernation
Confirm with . or Enter, or press ? or * to list all spells.
You can't see any susceptible monsters within range! (Use Z to cast anyway.)
Casting: Ensorcelled Hibernation
Confirm with . or Enter, or press ? or * to list all spells.
Aiming: Ensorcelled Hibernation
Press: ? - help, Shift-Dir - straight line Nothing appears to happen.
You hit something.
You hear a shout!
Something hits you. x2
You hit something but do no damage. Something hits you.
You closely miss something. Something hits you!
* * * LOW HITPOINT WARNING * * *
You hit something. Something hits you!
You die...

#.###.#.#.#.#.#.#.
#.##.#.#.#.#.#.#.#
#.###.#.#.#.#.#.#.
#.##.#.#.#.#)#.#.#
#.###.#.#.#.#.#.#.
#.##.#.#.#.#.#.#.#
#.###.#)#.#.#.#.#.
#(##.#.#.#.#.#.#.#
#@###.#.#.#.#.#.#.
#{...#.#.#.#.#.#.#
#####.#.#>#.#.#.#.
#.#.#.#.#.#.#.#
##.#.#.#.#.#.#.
#.#.#.#.#.#.#.#
##.#.#.#.#.#.#.
#.#.#.#.#.#.#.#
##.#.#.#.#.#.#.


There were no monsters in sight!

Vanquished Creatures
  An ogre (D:2)
  4 gnolls (D:3)
  4 adders
  2 dart slugs
  3 leopard geckos
  An orc (D:3)
  A giant cockroach (D:3)
  7 hobgoblins
  2 jackals (D:1)
  8 bats
  7 frilled lizards
  4 goblins
  9 kobolds
  3 rats
56 creatures vanquished.

Notes
Turn   | Place    | Note
-------+----------+-------------------------------------------
     0 | D:1      | wilfster70 the Gnoll Enchanter began the quest for the Orb.
     0 | D:1      | Reached XP level 1. HP: 13/13 MP: 6/6
   471 | D:1      | Reached XP level 2. HP: 18/19 MP: 7/7
   475 | D:1      | Learned a level 2 spell: Ensorcelled Hibernation
  1153 | D:1      | Reached XP level 3. HP: 22/25 MP: 9/9
  1158 | D:1      | Learned a level 3 spell: Confuse
  1290 | D:1      | Reached skill level 5 in Spellcasting
  1836 | D:2      | Reached skill level 6 in Stealth
  1836 | D:2      | Reached skill level 1 in Invocations
  2056 | D:2      | Noticed an ogre
  2081 | D:2      | Killed an ogre
  2081 | D:2      | Reached skill level 1 in Fighting
  2081 | D:2      | Reached skill level 1 in Long Blades
  2081 | D:2      | Reached skill level 1 in Axes
  2081 | D:2      | Reached skill level 1 in Maces & Flails
  2081 | D:2      | Reached skill level 1 in Polearms
  2081 | D:2      | Reached skill level 1 in Staves
  2081 | D:2      | Reached skill level 1 in Slings
  2081 | D:2      | Reached skill level 1 in Bows
  2081 | D:2      | Reached skill level 1 in Crossbows
  2081 | D:2      | Reached skill level 1 in Throwing
  2081 | D:2      | Reached skill level 1 in Armour
  2081 | D:2      | Reached skill level 1 in Shields
  2081 | D:2      | Reached skill level 1 in Unarmed Combat
  2081 | D:2      | Reached skill level 1 in Conjurations
  2081 | D:2      | Reached skill level 1 in Charms
  2081 | D:2      | Reached skill level 1 in Summonings
  2081 | D:2      | Reached skill level 1 in Necromancy
  2081 | D:2      | Reached skill level 1 in Translocations
  2081 | D:2      | Reached skill level 1 in Transmutations
  2081 | D:2      | Reached skill level 1 in Fire Magic
  2081 | D:2      | Reached skill level 1 in Ice Magic
  2081 | D:2      | Reached skill level 1 in Air Magic
  2081 | D:2      | Reached skill level 1 in Earth Magic
  2081 | D:2      | Reached skill level 1 in Poison Magic
  2081 | D:2      | Reached skill level 1 in Evocations
  2081 | D:2      | Reached XP level 4. HP: 4/32 MP: 0/11
  2081 | D:2      | Reached XP level 5. HP: 5/37 MP: 0/12
  3231 | D:3      | Noticed a centaur
  3619 | D:3      | Noticed wilfster70's ghost (amateur GnEn)
  3740 | D:3      | Slain by a centaur

Skill      XL: |  1  2  3  4  5 |
---------------+----------------+-----
Spellcasting   | 5 |  5.2
Stealth        | 6 |  6.2
Invocations    | 1 |  1.9
Fighting       | 1 |  1.6
Long Blades    | 1 |  1.6
Axes           | 1 |  1.6
Maces & Flails | 1 |  1.6
Polearms       | 1 |  1.6
Staves         | 1 |  1.6
Slings         | 1 |  1.6
Bows           | 1 |  1.6
Crossbows      | 1 |  1.6
Throwing       | 1 |  1.6
Armour         | 1 |  1.6
Shields        | 1 |  1.6
Unarmed Combat | 1 |  1.6
Conjurations   | 1 |  1.3
Charms         | 1 |  1.3
Summonings     | 1 |  1.3
Necromancy     | 1 |  1.3
Translocations | 1 |  1.3
Transmutations | 1 |  1.3
Fire Magic     | 1 |  1.3
Ice Magic      | 1 |  1.3
Air Magic      | 1 |  1.3
Earth Magic    | 1 |  1.3
Poison Magic   | 1 |  1.3
Evocations     | 1 |  1.6
Short Blades   | 3 |  3.1
Dodging        | |  4.8
Hexes          | |  5.6

Action                   |  1- 3 |  4- 6 || total
-------------------------+-------+-------++-------
Melee: Dagger            |    87 |    64 ||   151
       Bite              |     8 |     3 ||    11
Throw: Stone             |     2 |       ||     2
 Cast: Corona            |     1 |       ||     1
       Ensorcelled Hiber |    17 |    28 ||    45
 Stab: Sleeping          |    14 |    15 ||    29
  Eat: Chunk             |     4 |     5 ||     9
Armor: Robe              |    17 |     9 ||    26
Dodge: Dodged            |    84 |    53 ||   137
